 Dungeon Crawl Stone Soup version 0.20.1-1-g8b1a95d (webtiles) character file.

1551 troglodite the Skirmisher (level 8, -6/64 HPs)
             Began as a Demonspawn Berserker on Dec 7, 2017.
             Was a Priest of Trog.
             Mangled by a vampire (9 damage)
             ... on level 7 of the Dungeon.
             The game lasted 00:19:18 (6679 turns).

troglodite the Skirmisher (Demonspawn Berserker)    Turns: 6679, Time: 00:19:19

Health: -6/64      AC: 23    Str: 19    XL:     8   Next: 57%
Magic:  17/17      EV:  9    Int: 12    God:    Trog [***...]
Gold:   310        SH:  9    Dex: 14    Spells: 7/7 levels left

rFire    . . .     SeeInvis .   g - +1 dagger (vamp)
rCold    . . .     Gourm    +   q - +0 shield
rNeg     . . .     Faith    .   E - +9 scale mail "Riqepani" {MP+9 Int+4 Slay-3}
rPois    +         Spirit   .   h - +0 helmet
rElec    .         Reflect  .   (no cloak)
rCorr    .         Harm     .   D - +0 pair of gloves
MR       .....                  c - +0 pair of boots
Stlth    ..........             w - amulet of the gourmand
Regen    0.2/turn               (no ring)
MPRegen  0.2/turn               (no ring)

@: berserk cooldown, slowed, drained, very slow
A: slimy green scales 3, powered by death 1, powered by pain 1
a: Berserk, Trog's Hand, Burn Spellbooks, Renounce Religion


You were on level 7 of the Dungeon.
You worshipped Trog.
Trog was most pleased with you.
You were full.

You visited 1 branch of the dungeon, and saw 7 of its levels.

You collected 310 gold pieces.

Inventory:

Hand Weapons
 g - a +1 vampiric dagger (weapon)
 l - a +2 whip of electrocution
 r - a +1 hand axe of flaming
 v - a +3 flail
Armour
 c - a +0 pair of boots (worn)
 h - a +0 helmet (worn)
 q - a +0 shield (worn)
 D - a +0 pair of gloves (worn)
 E - the +9 scale mail "Riqepani" (worn) {MP+9 Int+4 Slay-3}
   (You found it on level 6 of the Dungeon)

   It affects your intelligence (+4).
   It affects your accuracy and damage with ranged weapons and melee attacks
   (-3).
   It affects your magic capacity (+9).
Jewellery
 w - an amulet of the gourmand (around neck)
Wands
 t - a wand of iceblast (8/15)
 y - a wand of polymorph (10/24)
Scrolls
 e - 3 scrolls of remove curse
 k - a scroll of enchant weapon {unknown}
 m - 2 scrolls of fear {unknown}
 n - 4 scrolls of teleportation {unknown}
 p - 2 scrolls of amnesia {unknown}
 s - 2 scrolls of recharging {unknown}
 u - a scroll of random uselessness {unknown}
 F - a scroll of magic mapping {unknown}
Potions
 a - 2 potions of lignification
 d - 3 potions of magic
 f - a potion of haste
 i - a potion of heal wounds
 j - 7 potions of might
 z - a potion of curing
 A - a potion of brilliance
Comestibles
 b - 4 bread rations
 o - 2 fruits
 x - a royal jelly
 C - a meat ration
 G - 2 chunks of flesh


   Skills:
 * Level 5.8(5.0) Fighting
 + Level 3.3(3.1) Short Blades
   Level 2.7(2.8) Long Blades
 + Level 4.7(4.0) Armour
 + Level 4.1(3.3) Dodging
 + Level 0.6(0.0) Stealth
 * Level 5.0(4.2) Shields


You had 7 spell levels left.
You didn't know any spells.

Dungeon Overview and Level Annotations

Branches:
Dungeon (7/15)             Temple (0/1) D:4

Altars:
Ashenzari
Dithmenos
Fedhas
Gozag
Hepliaklqana
Makhleb
Qazlal
Uskayaw
Xom
The Shining One


Innate Abilities, Weirdness & Mutations

You are completely covered in slimy green scales. (AC +4, rPois)
You regenerate a little health from kills.
You sometimes gain a little power by taking damage.


Message History

You're too confused to move!
Something hits you but does no damage. Something bites you but does no damage.
You miss something. Something hits you but does no damage. Something bites you.
* * * LOW HITPOINT WARNING * * *
Something draws strength from your injuries!
You feel less confused. Something hits you but does no damage.
Something bites you but does no damage. Something hits you but does no damage.
You block something's attack.
You hit something but do no damage. Something hits you but does no damage.
Something bites you but does no damage. Something hits you.
* * * LOW HITPOINT WARNING * * *
You block something's attack.
You closely miss something. Something hits you but does no damage.
Something bites you but does no damage.
You completely miss something.
You hear some strange, mumbled words.
Something tries to affect you, but you resist.
You hit something but do no damage. Something hits you but does no damage.
Something bites you but does no damage. Something hits you!
You die...

####### #....@#
#....{# #...<.#
#.....#### #........#
...#.....##########..
......................
....#.....######...##.
#.#.##.....# .##


There were no monsters in sight!

Vanquished Creatures
  Sigmund (D:2)
  A water moccasin (D:5)
  An ogre (D:4)
  2 bullfrogs (D:6)
  3 scorpions
  5 wights
  5 hounds
  2 jellies
  A centaur skeleton (D:5)
  Jessica (D:2)
  Terence (D:3)
  Natasha (D:2)
  4 worker ants
  The ghost of dscm the Skirmisher, a weakling DsFi (D:3)
  2 hound skeletons (D:5)
  Robin (D:2)
  7 adders
  A shadow imp (D:6)
  An ooze (D:6)
  An adder zombie (D:5)
  3 adder skeletons
  4 worms
  3 dart slugs
  5 leopard geckos
  2 orcs (D:6)
  A bat (D:1)
  4 giant cockroaches
  12 goblins
  7 hobgoblins
  10 jackals
  10 kobolds
  A quokka (D:6)
  2 ball pythons
  2 frilled lizards
  A jackal skeleton (D:5)
  A leopard gecko skeleton (D:6)
  A quokka skeleton (D:6)
  4 rats
115 creatures vanquished.

Vanquished Creatures (others)
  A phantom (D:5)
1 creature vanquished.

Grand Total: 116 creatures vanquished

Notes
Turn   | Place    | Note
-------+----------+-------------------------------------------
     0 | D:1      | troglodite the Demonspawn Berserker began the quest for the Orb.
     0 | D:1      | Reached XP level 1. HP: 18/18 MP: 1/1
   306 | D:1      | Gained mutation: You sometimes gain a little power by taking damage. [demonic ancestry]
   306 | D:1      | Reached XP level 2. HP: 16/24 MP: 2/2
   773 | D:2      | Noticed Robin
   788 | D:2      | Gained mutation: You regenerate a little health from kills. [demonic ancestry]
   788 | D:2      | Reached XP level 3. HP: 30/30 MP: 3/3
   795 | D:2      | Killed Robin
   832 | D:2      | Found a stormy altar of Qazlal.
   879 | D:2      | Found a burning altar of Makhleb.
  1017 | D:2      | Reached ** piety under Trog
  1092 | D:2      | Noticed Jessica
  1100 | D:2      | Killed Jessica
  1100 | D:2      | Reached skill level 1 in Short Blades
  1100 | D:2      | Reached XP level 4. HP: 36/37 MP: 4/4
  1144 | D:2      | Noticed Sigmund
  1168 | D:2      | Killed Sigmund
  1168 | D:2      | Reached skill level 1 in Shields
  1168 | D:2      | Reached XP level 5. HP: 35/43 MP: 5/5
  1177 | D:2      | Noticed Natasha
  1188 | D:2      | Killed Natasha
  1188 | D:2      | Gained mutation: You are partially covered in slimy green scales. (AC +2) [demonic ancestry]
  1188 | D:2      | Reached XP level 6. HP: 39/49 MP: 6/6
  1615 | D:3      | Found a faded altar of an unknown god.
  1669 | D:3      | Noticed dscm's ghost (weakling DsFi)
  1680 | D:3      | Killed dscm's ghost
  1862 | D:3      | Noticed Terence
  1874 | D:3      | Killed Terence
  2199 | D:4      | Found an opulent altar of Gozag.
  2483 | D:4      | Gained mutation: You are mostly covered in slimy green scales. (AC +3) [demonic ancestry]
  2483 | D:4      | Reached XP level 7. HP: 55/55 MP: 7/7
  2489 | D:4      | Reached skill level 5 in Fighting
  2588 | D:4      | Found a shattered altar of Ashenzari.
  2672 | D:4      | Found a staircase to the Ecumenical Temple.
  2856 | D:5      | Entered Level 5 of the Dungeon
  2940 | D:5      | Reached *** piety under Trog
  3173 | D:5      | Found a shadowy altar of Dithmenos.
  3179 | D:5      | Found a blossoming altar of Fedhas.
  3182 | D:5      | Found a glowing golden altar of the Shining One.
  3183 | D:5      | Found a hazy altar of Hepliaklqana.
  3184 | D:5      | Found a hide-covered altar of Uskayaw.
  4729 | D:6      | Got a distressingly furry scale mail
  4775 | D:6      | Identified the +9 scale mail "Riqepani" {MP+9 Int+4 Slay-3} (You found it on level 6 of the Dungeon)
  4872 | D:6      | Gained mutation: You are completely covered in slimy green scales. (AC +4, rPois) [demonic ancestry]
  4872 | D:6      | Reached XP level 8. HP: 56/63 MP: 8/8
  5122 | D:6      | Found a shimmering altar of Xom.
  6564 | D:6      | Reached skill level 5 in Shields
  6671 | D:7      | HP: 2/64 [something (4)]
  6676 | D:7      | HP: 2/64 [something (1)]
  6679 | D:7      | Mangled by a vampire

Skill      XL: |  1  2  3  4  5  6  7  8 |
---------------+-------------------------+-----
Dodging        | 2 3 4 |  4.1
Armour         | 2 3 4 |  4.7
Fighting       | 4 5 |  5.8
Short Blades   | 1 2 3 |  3.3
Shields        | 1 3 5 |  5.0
Long Blades    | |  2.7
Stealth        | |  0.6

Action                   |  1- 3 |  4- 6 |  7- 9 || total
-------------------------+-------+-------+-------++-------
Melee: Falchion          |    15 |       |       ||    15
       Dagger            |   120 |   178 |   848 ||  1146
Invok: Berserk           |     1 |     5 |     4 ||    10
  Use: Scroll            |       |       |     7 ||     7
       Potion            |       |       |     2 ||     2
  Eat: Bread ration      |     2 |       |       ||     2
       Meat ration       |     1 |       |     1 ||     2
       Chunk             |     1 |    11 |    17 ||    29
Armor: Animal skin       |    15 |       |       ||    15
       Scale mail        |    13 |       |   350 ||   363
       Chain mail        |       |    93 |   103 ||   196
       Skin              |       |       |    16 ||    16
Dodge: Dodged            |    75 |    40 |   290 ||   405
Block: Shield            |       |    62 |   378 ||   440
       Rpst.: Falchion   |     1 |       |       ||     1
